[Event "*** SCC Grand Prix: Titled Tuesday Blitz"]
[Site "Chess.com"]
[Date "2020.06.09"]
[Round "2"]
[White "Witik"]
[Black "Rakhmanov_Aleksandr"]
[Result "0-1"]
[WhiteElo "2575"]
[BlackElo "2863"]
[TimeControl "180+1"]
[EndTime "9:19:47 PDT"]
[Termination "Rakhmanov_Aleksandr won on time"]

1. d4 Nf6 2. Bf4 d6 3. Nf3 Nbd7 4. Nc3 c5 5. e3 g6 6. h3 Bg7 7. Be2 O-O 8. O-O b6 9. a4 a6 10. Bh2 Bb7 11. Re1 Rc8 12. Bf1 Qc7 13. d5 Ne8 14.
e4 Qb8 15. Qd2 Rd8 16. Qg5 Bf6 17. Qh6 Bg7 18. Qh4 f6 19. Nd2 Nc7 20. Nc4 Ba8 21.
Qg4 Ne5 22. Qd1 Nxc4 23. Bxc4 b5 24. axb5 axb5 25. Bf1 b4 26. Na4 Rde8 27. Bc4 Bb7 28. Nxc5 Bc8 29. Bb3 Kh8 30. Nd3 Qb6 31. Kh1 f5 32. e5 Bb7 33. exd6 exd6 34. Qf3 Nb5 35. Qf4 Nd4 36. Qxd6 Qxd6 37. Bxd6 Rg8 38. Ne5 Bf6 39. Nd7 Nxb3 40. cxb3 Bxb2 41. Be5+ Bxe5 42. Nxe5 Bxd5 43. Ra4 Rb8 44. Re3 Rgc8 45. Rd3 Be6 46. Rd4 Rc5 47.
f4 Bxb3 48. Raxb4 Rxb4 49. Rxb4 Bd5 50. Rb8+ Kg7 51. Rd8 Be4 52. Rd7+ Kf6 53. Rf7+ Ke6 54. Rxh7 Rc1+ 55. Kh2 Rc2 56. Kg3 Rxg2+ 57. Kh4 g5+ 58. Kh5 gxf4 59. Ng6 f3 60. Nf4+ Ke5 61. Nxg2 fxg2 62.
Rg7 f4 63. Kh4 Kd4 64. Rg4 Ke3 65. Kg5 f3 66. h4 f2 0-1

[Event "*** SCC Grand Prix: Titled Tuesday Blitz"]
[Site "Chess.com"]
[Date "2020.06.09"]
[Round "2"]
[White "Anton_Demchenko"]
[Black "Pomegranate988"]
[Result "1-0"]
[WhiteElo "2812"]
[BlackElo "2558"]
[TimeControl "180+1"]
[EndTime "9:19:47 PDT"]
[Termination "Anton_Demchenko won by checkmate"]

1. e4 c6 2. d4 d5 3. Nd2 dxe4 4.
Nxe4 Nf6 5. Ng3 g6 6. Nf3 Bg7 7. Bc4 O-O 8. O-O Nbd7 9. Re1 Nb6 10. Bb3 Bg4 11. c3 Qc7 12. h3 Bxf3 13. Qxf3 Nbd5 14.
c4 Nb6 15. Bf4 Qd7 16. Rad1 Rad8 17. Nf1 Nc8 18. Ne3 Nd6 19. Ba4 b5 20. cxb5 cxb5 21. Bb3 Rc8 22. Be5 Nc4 23. Bxc4 bxc4 24. d5 Ne8 25. Bxg7 Kxg7 26. Qf4 Nd6 27. Qd4+ f6 28. Rd2 Rfe8 29. Nd1 Qb7 30. Nc3 Rc7 31. Rde2 Qb6 32. Qf4 Rd7 33. h4 h5 34. g4 hxg4 35. Qxg4 Rb7 36. h5 g5 37. Ne4 Nf7 38. Ng3 Nh6 39.
Nf5+ Nxf5 40. Qxf5 Qd4 41. Qg6+ Kf8 42. Qh6+ Kg8 43. Qg6+ Kf8 44. Qf5 Rb5 45. Re5 Qh4 46. Re6 Qxh5 47. Qe4 Qf7 48. d6 Re5 49. Rxe5 fxe5 50.
Qxe5 Qf6 51. dxe7+ Kf7 52. Qd5+ Kg7 53. Qxc4 Rxe7 54. Rxe7+ Qxe7 55. Qd4+ Kg6 56. Kf1 Qb7 57. Ke2 Qe7+ 58. Kd2 Qe6 59. a3 Qa6 60. Kc3 Kh5 61.
Kd2 Qa5+ 62. Qc3 Qd5+ 63. Qd3 Qa5+ 64. Ke2 Qe5+ 65. Kf3 Qxb2 66. Qh7# 1-0

[Event "*** SCC Grand Prix: Titled Tuesday Blitz"]
[Site "Chess.com"]
[Date "2020.06.09"]
[Round "2"]
[White "Vandros57"]
[Black "RestartingChess"]
[Result "1/2-1/2"]
[WhiteElo "2258"]
[BlackElo "2454"]
[TimeControl "180+1"]
[EndTime "9:19:50 PDT"]
[Termination "Game drawn by agreement"]

1. d4 Nf6 2. Nf3 d5 3. c4 c6 4.
e3 Bg4 5. h3 Bh5 6. Nc3 e6 7. Bd3 Bd6 8. O-O O-O 9. e4 dxe4 10. Nxe4 Nxe4 11. Bxe4 Nd7 12. Bc2 h6 13. Qd3 Bg6 14. Qe2 Bxc2 15. Qxc2 Qf6 16. Be3 e5 17. dxe5 Nxe5 18. Nxe5 Qxe5 19. g3 Qe6 20. Kg2 Rfe8 21. Rfe1 Qf6 22. Bd2 Be5 23. Rab1 Bd4 24. Bc3 Bxc3 25. Qxc3 Qxc3 26. bxc3 b6 27. c5 b5 28. c4 a6 29. a4 bxa4 30. Rxe8+ Rxe8 31. Rb6 Ra8 32. Rxc6 a3 33. Rd6 Rc8 34. Rxa6 Rxc5 35. Rxa3 Rxc4 36.
Kf3 g5 37. Kg2 Kg7 38. Ra6 f6 39. Ra7+ Kg6 40. Ra5 h5 41. Rb5 Rc3 42. Ra5 h4 43. g4 Kf7 44. Ra6 Rc5 45. Rb6 f5 46. gxf5 Rxf5 47.
Ra6 Rf6 48. Ra5 Kg6 49. Rb5 Rf5 50. Rb6+ Kh5 51. Rb4 Re5 52. Ra4 Kg6 53. Rb4 Kf5 54. Ra4 Re4 55. Ra5+ Kf4 56. Ra7 Rb4 57. Rf7+ Ke5 58.
Rf8 Rf4 59. Re8+ Kd4 60. Re7 Kd3 61. Rg7 Rf5 62. Re7 Kd4 63. Re8 Kd3 64. Re7 Kd2 65. Re8 Rf4 66. Re5 g4 67. hxg4 Rxg4+ 68. Kh3 Rf4 69.
Rh5 Rxf2 70. Rxh4 Ke3 71. Rg4 Rf1 72. Rg8 Rh1+ 73. Kg2 Rb1 74. Re8+ Kf4 75. Rf8+ Kg4 76. Rg8+ Kf4 1/2-1/2

[Event "*** SCC Grand Prix: Titled Tuesday Blitz"]
[Site "Chess.com"]
[Date "2020.06.09"]
[Round "2"]
[White "AlexOstrovskiy"]
[Black "Fandorine"]
[Result "0-1"]
[WhiteElo "2581"]
[BlackElo "2899"]
[TimeControl "180+1"]
[EndTime "9:19:52 PDT"]
[Termination "Fandorine won by checkmate"]

1. d4 Nf6 2. Bf4 d6 3. Nc3 Nbd7 4. Nf3 c5 5. d5 Qa5 6. Bd2 g6 7.
e4 Bg7 8. a4 O-O 9. Bc4 a6 10.
O-O Rb8 11. Qe2 Qd8 12. h3 Ne8 13. Rfe1 Nc7 14. Rad1 b6 15. Bf4 b5 16. axb5 Bxc3 17. bxc3 axb5 18. Ba2 Ra8 19. Bb1 f6 20. c4 b4 21. c3 bxc3 22. Rc1 Ne5 23. Rxc3 Ra4 24. Bh6 Rf7 25. Nxe5 fxe5 26. f4 exf4 27. e5 Bf5 28. exd6 exd6 29. Bxf5 Rxf5 30. Rf3 Qf6 31. Kh1 Ra1 32. Rxa1 Qxa1+ 33. Kh2 Qf6 34. Rb3 Qe5 35.
Rb8+ Kf7 36. Qf3 Ke7 37. Rb7 Kd7 38. Ra7 Rf7 39. Kh1 Qe1+ 40. Kh2 Qe5 41. Kh1 Qe3 42. Qg4+ Kd8 43. Rb7 Qe1+ 44. Kh2 Qe5 45. Rb8+ Ke7 46.
Bg5+ Rf6 47. Bxf6+ Kxf6 48. Kh1 Qe1+ 49. Kh2 Qe5 50. Qf3 Ne8 51. Rb7 Ng7 52. Qg4 Nf5 53. Qf3 h5 54. Rb6 Kg5 55. Qf2 Kh6 56. Kh1 Kg5 57. Kh2 Ng3 58. Qf3 Kh6 59. Rb8 Kg5 60.
h4+ Kxh4 61. Rf8 Kg5 62. Rf7 Nf5 63. Rf8 Qe1 64. Rd8 Qh4+ 65. Kg1 Qe1+ 66. Kh2 Qe5 67. Kg1 Nd4 68. Qf2 Ne2+ 69. Kf1 Ng3+ 70. Kg1 Qa1+ 71.
Kh2 Qh1# 0-1

[Event "*** SCC Grand Prix: Titled Tuesday Blitz"]
[Site "Chess.com"]
[Date "2020.06.09"]
[Round "2"]
[White "Onischuk_V"]
[Black "gross-aleks"]
[Result "0-1"]
[WhiteElo "2882"]
[BlackElo "2601"]
[TimeControl "180+1"]
[EndTime "9:19:53 PDT"]
[Termination "gross-aleks won by resignation"]

1. e4 e5 2. Nf3 Nc6 3. Bc4 Bc5 4. d3 d6 5. c3 Bb6 6. Bb3 Be6 7. Bc2 h6 8. Nbd2 Nf6 9. h3 Qd7 10. Nf1 d5 11. Qe2 dxe4 12. dxe4 Nh5 13. Ba4 Nf4 14. Bxf4 exf4 15. Ne5 Qd6 16. Nxc6 bxc6 17. Nd2 O-O 18. O-O Rad8 19. Nf3 Qc5 20. Bb3 Bxb3 21. axb3 a5 22. Rfd1 Rfe8 23. Nd4 g6 24. Qf3 Qe5 25. Nxc6 Rxd1+ 26.
Rxd1 Qxe4 27. Qxe4 Rxe4 28. Kf1 Re6 29. Nd4 Rd6 30.
Ke2 Kg7 31. Kf3 Kf6 32. Ke2 Bxd4 33. Rxd4 Rxd4 34. cxd4 Ke6 35. Kd3 Kd5 36. Kc3 g5 37. Kd3 c5 38. dxc5 Kxc5 39. Kc3 Kb5 40. f3 Kc5 41. Kd3 Kb4 42. Kc2 f6 43. Kb1 Kxb3 44. Kc1 a4 45. Kb1 Kb4 46. Kc1 Kc4 47. Kc2 Kd4 48. Kd2 Kc4 49. Kc2 Kb4 50. Kd2 Kb3 51.
Kc1 f5 52. Kb1 a3 53. bxa3 Kxa3 54. Kc2 Kb4 55. Kb2 Kc4 56. Kc2 Kd4 57. Kd2 h5 58.
Ke2 Kc3 59. Kf2 Kd3 60. Kf1 Ke3 61. Ke1 g4 62. fxg4 fxg4 63. hxg4 hxg4 64. Kf1 Kd2 65. Kf2 Kd1 66. Kf1 g3 67. Kg1 Ke1 68. Kh1 f3 0-1

[Event "*** SCC Grand Prix: Titled Tuesday Blitz"]
[Site "Chess.com"]
[Date "2020.06.09"]
[Round "2"]
[White "MFguimaraes"]
[Black "YaWaleriy"]
[Result "1-0"]
[WhiteElo "2455"]
[BlackElo "2235"]
[TimeControl "180+1"]
[EndTime "9:19:55 PDT"]
[Termination "MFguimaraes won on time"]

1. e4 e6 2. d4 d5 3. Bd3 c5 4.
exd5 exd5 5. Nf3 Nf6 6. O-O Be7 7. dxc5 Bxc5 8. Nbd2 O-O 9. Nb3 Bb6 10. a4 a6 11. a5 Ba7 12. Nbd4 Nc6 13. c3 Bg4 14. Be3 Ne5 15. Be2 Nc4 16. Bc1 Nxa5 17. Bg5 Nc4 18. b3 Nd6 19. h3 Bh5 20. Ne5 Bxe2 21. Nxe2 Nde4 22. Bh4 Re8 23. Ng4 Qd6 24. Nxf6+ Nxf6 25. Nd4 Ne4 26. Rc1 Rac8 27. Qf3 Nd2 28. Qg4 Nxf1 29. Nf5 Qf8 30. Bf6 g6 31. Qg5 h5 32. Be7 Rxe7 33.
Nxe7+ Kh7 34. Nxc8 Qxc8 35. Kxf1 Qd7 36. Qf6 Kg8 37. Re1 Bc5 38. b4 Bf8 39. Rd1 Bg7 40.
Qf3 Qc6 41. Rxd5 Qxc3 42. Rd8+ Kh7 43. Qxf7 Qxb4 44. g4 hxg4 45. Rd7 Qb1+ 46. Kg2 Qe4+ 47.
Kg3 Qe5+ 48. Kxg4 Qh5+ 49. Kg3 Qe5+ 50. Kg2 a5 51. f4 Qe4+ 52. Kg3 Qe3+ 53. Kg4 Qg1+ 54.
Kf3 Qh1+ 55. Ke3 Qxh3+ 56. Kd2 Qg2+ 57. Kd3 Qf3+ 58. Kd2 Qc3+ 59. Ke2 a4 60. Rd6 Qc2+ 61. Ke3 a3 62. Rd8 Qc3+ 63. Kf2 Qb2+ 64. Kg3 Qc3+ 65. Kg4 Qf6 66. Qxf6 Bxf6 67. Rd7+ Kh6 68. Rd2 Bb2 69. Rd1 a2 70. f5 a1=Q 71. Rh1+ Kg7 72.
fxg6 1-0

[Event "*** SCC Grand Prix: Titled Tuesday Blitz"]
[Site "Chess.com"]
[Date "2020.06.09"]
[Round "2"]
[White "GMKrikor"]
[Black "chenxiaoyuer"]
[Result "0-1"]
[WhiteElo "2719"]
[BlackElo "2382"]
[TimeControl "180+1"]
[EndTime "9:19:56 PDT"]
[Termination "chenxiaoyuer won by resignation"]

1. e4 c5 2. Nf3 d6 3. d4 cxd4 4. Nxd4 Nf6 5. Nc3 Nc6 6. Bg5 e6 7. Qd2 Qb6 8. Bxf6 gxf6 9. Nb3 Bd7 10. O-O-O O-O-O 11. f4 Kb8 12. Be2 h5 13. Rhf1 Na5 14.
Rf3 Nxb3+ 15. axb3 Bc6 16. Rd3 Be7 17. Bf3 Qc5 18. Kb1 a6 19. f5 Qe5 20. h3 Rc8 21. Re1 Bb5 22. Rd4 Qc5 23. b4 Qb6 24. Nxb5 Qxb5 25. c3 Qe5 26. Rd3 Rc6 27. Qf2 h4 28.
Qd4 Qxd4 29. Rxd4 e5 30. Rd5 Rg8 31. Kc2 Rc7 32. b5 Rc5 33. Red1 Rxd5 34. Rxd5 axb5 35. Rxb5 Kc7 36. Rd5 Bf8 37. Ra5 Bh6 38. b4 Kb6 39.
Ra1 Bf4 40. Kd3 Kc6 41. Kc4 Kc7 42. Kd5 Rf8 43. Bh5 Bd2 44. Ra2 Bf4 45. Ra3 Bg3 46. Kc4 Bf4 47. Kd3 Bg3 48. Ra5 Bf4 49. Bg4 Bg3 50. Ra2 Bf4 51. Kc4 Bg3 52. Kb3 Bf4 53. c4 Bg3 54. Ra1 Bf4 55. Ra7 Bg3 56. Kc3 Kb6 57.
Ra2 Bf4 58. Kd3 Bg3 59. Rc2 Bf4 60. Ra2 Rc8 61. Bh5 Rf8 62. Bf3 Kc7 63. Bd1 Bg3 64.
Bb3 Bf4 65. c5 dxc5 66. bxc5 Kc6 67. Rc2 Rd8+ 68. Bd5+ Kc7 69. Rb2 Rd7 70. Rxb7+ Kd8 71. Rb6 Rc7 72. Kc4 Be3 73. c6 Bxb6 74. Kb5 Be3 75.
Bxf7 Bg5 76. Kc5 Rxf7 0-1

[Event "*** SCC Grand Prix: Titled Tuesday Blitz"]
[Site "Chess.com"]
[Date "2020.06.09"]
[Round "2"]
[White "JoachimMouhamad"]
[Black "AniJak"]
[Result "1-0"]
[WhiteElo "2470"]
[BlackElo "2272"]
[TimeControl "180+1"]
[EndTime "9:19:57 PDT"]
[Termination "JoachimMouhamad won on time"]

1. e4 c6 2. d4 d5 3. Nd2 dxe4 4. Nxe4 Nf6 5. Nxf6+ gxf6 6. c3 Bf5 7. Bd3 Bxd3 8.
Qxd3 e6 9. Ne2 Bd6 10. Bf4 Bxf4 11. Nxf4 Qc7 12. Nh5 Nd7 13. Qf3 O-O-O 14. Nxf6 Nxf6 15. Qxf6 Rhg8 16. O-O Rg6 17. Qf3 Rdg8 18. g3 f5 19.
Rfe1 f4 20. Re5 fxg3 21. hxg3 Qg7 22. Rae1 Rf8 23. Qe3 Rff6 24. Kg2 Qf7 25. d5 cxd5 26.
Qxa7 Qc7 27. Qa8+ Kd7 28. Qh8 Kd6 29. Qa8 Kd7 30. Qa4+ Kd6 31. Qb4+ Kd7 32. Qb5+ Kd6 33. Qe2 Qb6 34. Rh5 h6 35. Qe5+ Kd7 36. Re2 Qc6 37. Rh4 d4+ 38. Qe4 Qxe4+ 39. Rhxe4 dxc3 40. bxc3 Rf5 41. Rd4+ Ke7 42. Rb2 b5 43. Rdb4 Rgg5 44.
f4 Rg4 45. Kf3 h5 46. Rxb5 Rf8 47. Rb7+ Kf6 48. Rb8 Rxb8 49. Rxb8 Rg7 50. Rb2 Rc7 51. Rc2 Rc4 52. Ke3 Kf5 53. Kd3 Ra4 54. c4 Ra3+ 55. Kd4 Rxg3 56. c5 Kxf4 57. c6 Rg8 58. c7 Rc8 59. a4 h4 60. a5 h3 61. a6 Kg3 62.
Rc3+ Kg2 63. Ke5 h2 64. Rc2+ Kg3 65. Rxh2 Kxh2 66. Kd6 e5 67. Kd7 Ra8 68. c8=Q Rxc8 69. Kxc8 e4 70. a7 e3 71. a8=Q Kg1 72. Qf3 1-0

[Event "*** SCC Grand Prix: Titled Tuesday Blitz"]
[Site "Chess.com"]
[Date "2020.06.09"]
[Round "2"]
[White "PawnEatingZombie"]
[Black "KaterinaMiroshnik"]
[Result "0-1"]
[WhiteElo "2117"]
[BlackElo "2416"]
[TimeControl "180+1"]
[EndTime "9:19:57 PDT"]
[Termination "KaterinaMiroshnik won on time"]

1. d4 e6 2. c4 d5 3. Nc3 Nf6 4. cxd5 exd5 5. Bg5 Be7 6. e3 O-O 7. Bd3 h6 8. Bh4 b6 9. Nf3 Bb7 10. O-O c5 11. Ne5 Nc6 12. Ba6 Bxa6 13. Nxc6 Qc7 14.
Nxe7+ Qxe7 15. Nxd5 Qe4 16. Nxf6+ gxf6 17. Bxf6 Bxf1 18.
Qxf1 Qg6 19. Be5 cxd4 20. Bxd4 Rac8 21. Rc1 Qe6 22. a3 Rxc1 23. Qxc1 Rc8 24. Qd1 f6 25. h3 Qf5 26. Qg4+ Qxg4 27. hxg4 Kf7 28. Kh2 Rc2 29. Kg3 Kg6 30. Kf3 Rc6 31. Kg3 a5 32. Kf3 b5 33.
Kg3 b4 34. axb4 axb4 35. Kf3 Rc1 36. Kg3 Rc2 37. Kf3 b3 38. Kg3 Kf7 39. f4 Ke6 40. Kf3 Kf7 41. g3 Rc1 42. Ke4 Rg1 43. Kf3 Kg6 44.
Kf2 Rd1 45. Kf3 Rd3 46. Ke4 Rd2 47. Kf3 Rc2 48. Ke4 Rc4 49. Kf3 Kf7 50. Ke4 Ke6 51. Kf3 Rc2 52. Ke4 Rd2 53. Kf3 Rd1 54. Ke4 Re1 55.
Kf3 f5 56. gxf5+ Kxf5 57. g4+ Kg6 58. Kg3 Rg1+ 59. Kh4 Rd1 60. Kg3 h5 61. gxh5+ Kxh5 62. Kf3 Kg6 63. Ke4 Rd2 64. Ke5 Re2 65. e4 Re1 66.
f5+ Kf7 67. Kd5 Rf1 68. f6 Rd1 69. e5 Re1 70. Kc4 Re4 71. Kd3 Rg4 72. Bc3 Ke6 73.
Bd4 Rg3+ 74. Kc4 Rg4 75. Kd3 Kd5 76. Bc3 Rg3+ 77. Kd2 Rf3 78. Ke2 Rf5 79. Kd3 Rh5 80. Kd2 Rh3 81. Ke2 Ke6 82. Kd2 Rg3 0-1

[Event "*** SCC Grand Prix: Titled Tuesday Blitz"]
[Site "Chess.com"]
[Date "2020.06.09"]
[Round "2"]
[White "hepyeke"]
[Black "DrBergerBerger"]
[Result "1/2-1/2"]
[WhiteElo "2206"]
[BlackElo "2431"]
[TimeControl "180+1"]
[EndTime "9:19:58 PDT"]
[Termination "Game drawn by repetition"]

1. e4 e6 2. d3 d5 3. Nd2 Nc6 4. g3 Nf6 5. Bg2 dxe4 6. dxe4 Bc5 7. Ngf3 O-O 8. O-O e5 9. c3 a5 10. h3 b6 11. Re1 Qe7 12. a4 Rd8 13. Qc2 Nh5 14. Nb3 Bd6 15. Be3 Ba6 16. Nbd2 Rd7 17. Bf1 Bxf1 18. Kxf1 Rad8 19. Kg2 Bc5 20. Nc4 Nf6 21.
Bg5 h6 22. Bxf6 Qxf6 23. Ne3 Bxe3 24. Rxe3 g6 25. Ree1 Qd6 26. Re2 Qc5 27. Qb3 Kg7 28. Qb5 Qxb5 29. axb5 Na7 30. Nxe5 Rd2 31. Rxd2 Rxd2 32.
Nc4 Rc2 33. Rd1 Nxb5 34. Rd7 a4 35. e5 Kf8 36. Rd2 Rxd2 37. Nxd2 a3 38. bxa3 Nxc3 39. Kf3 Ke7 40. Ke3 Ke6 41. f4 Kd5 42. g4 c5 43.
h4 Nb5 44. a4 Na3 45. h5 gxh5 46. gxh5 Nc4+ 47. Nxc4 Kxc4 48. Ke4 Kb3 49. f5 c4 50. e6 fxe6 51. fxe6 c3 52. e7 c2 53. e8=Q c1=Q 54. Qb5+ Ka3 55. Qxb6 Qh1+ 56. Kf4 Qxh5 57. a5 Qg5+ 58.
Kf3 Qf5+ 59. Kg3 Qg5+ 60. Kf3 Qf5+ 61. Ke3 Qe5+ 62. Kd3 Qg3+ 63. Kc4 Qf4+ 64. Kb5 Qb4+ 65. Kc6 Qe4+ 66. Kc7 Qe7+ 67. Kc6 Qe6+ 68. Kc5 Qe5+ 69. Kc6 Qe6+ 70. Kc5 Qe5+ 71. Kc6 Qe6+ 1/2-1/2

[Event "*** SCC Grand Prix: Titled Tuesday Blitz"]
[Site "Chess.com"]
[Date "2020.06.09"]
[Round "2"]
[White "GaboSalazar2001"]
[Black "yamalchess"]
[Result "1-0"]
[WhiteElo "2249"]
[BlackElo "2437"]
[TimeControl "180+1"]
[EndTime "9:19:59 PDT"]
[Termination "GaboSalazar2001 won on time"]

1. e4 e5 2. Nf3 Nc6 3. Bb5 a6 4. Ba4 Nf6 5. d3 b5 6. Bb3 Bc5 7. Nc3 O-O 8. O-O h6 9. Nd5 Re8 10. c3 d6 11. Nxf6+ Qxf6 12. Bd5 Bb7 13. a4 Bb6 14.
axb5 axb5 15. Rxa8 Bxa8 16. Qb3 Na7 17. Be3 Bxd5 18.
Qxd5 c6 19. Qa2 Qd8 20. Qa6 Nc8 21. Qb7 Qc7 22. Qxc7 Bxc7 23. Ra1 Bb6 24. Bxb6 Nxb6 25. Ra6 Rb8 26. Kf1 Kf8 27. d4 f6 28. Ke2 Rb7 29.
Kd3 Ke7 30. b3 Kd7 31. Nh4 Ke6 32. Nf5 h5 33. g3 g6 34. Nh4 Kf7 35. f4 c5 36. d5 c4+ 37. bxc4 Nxc4 38. Ng2 Ke7 39. Ne3 Nxe3 40. Kxe3 b4 41. cxb4 Rxb4 42. Ra7+ Ke8 43. fxe5 fxe5 44. Rg7 Rb3+ 45. Kf2 Rb2+ 46. Kf3 Rb3+ 47.
Kg2 Rb2+ 48. Kh3 Re2 49. Rxg6 Kd7 50. Rg7+ Ke8 51. Rg6 Kd7 52. Rg7+ Ke8 53. Kh4 Rxh2+ 54. Kg5 Re2 55. Kf5 Kf8 56. Rh7 Rg2 57. Kf6 Kg8 58. Rxh5 Rxg3 59. Ke6 Rg6+ 60. Kd7 Kg7 61. Rf5 Rh6 62. Kc6 Rg6 63. Rf1 Rh6 64. Kd7 Rg6 65.
Rc1 Kh6 66. Rc6 Kg5 67. Rxd6 Rg7+ 68. Ke6 Kf4 69. Rd7 Rg6+ 70. Kf7 1-0

[Event "*** SCC Grand Prix: Titled Tuesday Blitz"]
[Site "Chess.com"]
[Date "2020.06.09"]
[Round "2"]
[White "TigranMukhutdinov"]
[Black "tylityli"]
[Result "1-0"]
[WhiteElo "2475"]
[BlackElo "2280"]
[TimeControl "180+1"]
[EndTime "9:20:02 PDT"]
[Termination "TigranMukhutdinov won on time"]

1. Nf3 Nc6 2. d4 d5 3. e3 Bg4 4. h3 Bxf3 5. Qxf3 e5 6. Bb5 exd4 7. exd4 a6 8. Bxc6+ bxc6 9. O-O Nf6 10. Re1+ Be7 11.
Qe2 Qd7 12. Bd2 Kf8 13. Nc3 a5 14. Qf3 h6 15. Na4 g5 16. Nc5 Qd6 17. b4 Kg7 18.
bxa5 Rhe8 19. Bb4 Rab8 20. a3 Qd8 21. a6 Ra8 22. Qf5 Bxc5 23. Bxc5 Rxa6 24. f3 Ra8 25.
Re5 Qd7 26. Qd3 Re6 27. a4 Qc8 28. a5 Nd7 29. Rxe6 Nxc5 30. dxc5 Qxe6 31. a6 Qe5 32. Ra4 Qb2 33. h4 Qb5 34. Qd4+ Kg6 35. hxg5 hxg5 36.
a7 Qb1+ 37. Kh2 Qxc2 38. Ra6 f6 39. Rxc6 Rh8+ 40. Kg3 Qf5 41. Ra6 Ra8 42. c6 Kf7 43. Ra5 Ke6 44. Qe3+ Qe5+ 45. Qxe5+ Kxe5 46. Kg4 Kd6 47.
Ra6 d4 48. Kf5 d3 49. Ra3 Kxc6 50. Rc3+ Kb7 51. Rxd3 Rxa7 52. Kxf6 Ra5 53. g4 c5 54. Rc3 Kb6 55. Kxg5 c4+ 56. Kf6 Kc5 57. f4 Kd4 58. Rc1 Ra6+ 59. Kg7 Ra7+ 60. Kh6 Ra6+ 61. Kh5 c3 62. f5 Kd3 63. g5 Kd2 64. Rg1 c2 65. f6 Re6 66. Rg2+ Re2 67. Rxe2+ Kxe2 68. f7 c1=Q 69.
f8=Q Qh1+ 70. Kg6 Qc6+ 71. Qf6 Qe4+ 72. Kg7 Qb7+ 73. Qf7 Qb2+ 74. Kh7 Qc2+ 75. g6 Qe4 76. Kg8 1-0

[Event "*** SCC Grand Prix: Titled Tuesday Blitz"]
[Site "Chess.com"]
[Date "2020.06.09"]
[Round "2"]
[White "UCantHandleDenker"]
[Black "GrigorGrigorov"]
[Result "1-0"]
[WhiteElo "2514"]
[BlackElo "2727"]
[TimeControl "180+1"]
[EndTime "9:20:11 PDT"]
[Termination "UCantHandleDenker won on time"]

1. Nf3 Nf6 2. g3 b6 3. Bg2 Bb7 4. O-O e6 5. d3 d5 6. Nbd2 Nbd7 7. Qe1 Be7 8. e4 dxe4 9. Ng5 Nc5 10. Ngxe4 Nfxe4 11. Nxe4 Nxe4 12. Bxe4 Bxe4 13. Qxe4 Qd5 14. Qxd5 exd5 15.
Bf4 Kd7 16. Rfe1 c6 17. Re2 g5 18. Bd2 Bf6 19. Rae1 h5 20. Bc3 d4 21. Bd2 c5 22. b3 Rac8 23. f4 g4 24. Kg2 h4 25. Re4 hxg3 26. hxg3 Rh5 27. Rh1 Rch8 28. Rxh5 Rxh5 29. f5 Rxf5 30. Rxg4 Re5 31. Kf3 Rh5 32. Rf4 Ke6 33. Re4+ Be5 34. Bf4 f6 35. Bxe5 fxe5 36. Rh4 Rf5+ 37. Ke4 Rf2 38. Rh6+ Kf7 39. Kxe5 Rxc2 40.
Rh7+ Kg6 41. Rxa7 Rd2 42. Ke4 Re2+ 43. Kd5 Re3 44. Kc4 Re2 45. Ra6 Rc2+ 46. Kd5 Kf5 47.
Rxb6 Rxa2 48. Kxc5 Ke5 49. Rb8 Rc2+ 50. Kb4 Rc3 51.
Re8+ Kf5 52. Rf8+ Ke6 53. Rf3 Kd5 54. g4 Rc8 55. Rf5+ Ke6 56. Rb5 Rc3 57. Rb6+ Kd5 58. Rb5+ Kd6 59. Rb6+ Kd5 60. Rb8 Rxd3 61. Rd8+ Ke4 62.
g5 Rg3 63. Rg8 Kd3 64. g6 Kd2 65. g7 d3 66. Kc4 Kc2 67. Kb4 d2 68. Rc8+ Kb1 69.
Rd8 Kc1 70. Ka4 Rxg7 71. b4 d1=Q+ 72. Rxd1+ Kxd1 73. b5 Kc2 74. Ka5 Kc3 75. b6 Kc4 76.
Ka6 Rg6 77. Ka7 Kb5 78. b7 Ra6+ 79. Kb8 Kb6 80. Kc8 1-0

[Event "*** SCC Grand Prix: Titled Tuesday Blitz"]
[Site "Chess.com"]
[Date "2020.06.09"]
[Round "2"]
[White "Evgeny_Ermakov1965"]
[Black "VladimirBelous"]
[Result "1/2-1/2"]
[WhiteElo "2488"]
[BlackElo "2715"]
[TimeControl "180+1"]
[EndTime "9:20:11 PDT"]
[Termination "Game drawn - insufficient material"]

1. d4 Nf6 2. c3 g6 3. Bf4 Bg7 4. e3 d6 5. h3 Nc6 6. Nd2 e5 7. Bh2 Qe7 8. Bb5 exd4 9. cxd4 O-O 10. Bxc6 bxc6 11. Ngf3 Ba6 12. Rc1 Nd5 13. Nc4 Nb4 14. a3 Qe6 15. b3 Nd5 16. O-O Rab8 17. Re1 Rfd8 18. e4 Ne7 19. d5 cxd5 20. exd5 Qd7 21. Qd2 Re8 22. b4 Qb5 23. Na5 Nxd5 24. Rxe8+ Rxe8 25. Nd4 Qd3 26. Qxd3 Bxd3 27. Nac6 Re4 28. Nf3 Bb2 29.
Rd1 Bc4 30. Nd2 Be2 31. Rb1 Bd3 32. f3 Bd4+ 33. Nxd4 Rxd4 34. Rc1 Bb5 35. Ne4 Kg7 36. Bg3 Rd3 37. Be1 Rxa3 38. Nc3 Nxc3 39. Bxc3+ f6 40. Bb2 Rb3 41. Rxc7+ Kh6 42. Bxf6 a6 43. g4 g5 44. h4 gxh4 45. g5+ Kg6 46. Rg7+ Kf5 47. Rxh7 Rxb4 48. Rf7 Kg6 49. Rg7+ Kf5 50. Rf7 Bc4 51. Rf8 Kg6 52.
Bd8 Rb2 53. Rf6+ Kxg5 54. Rxd6+ Kf5 55. Rf6+ Ke5 56. Rh6 Rd2 57. Rxh4 Bd5 58. Bc7+ Kf5 59. Rh6 Rc2 60. Rh5+ Ke6 61. Re5+ Kd7 62. Rxd5+ Kxc7 63. f4 Rc4 64. f5 Kc6 65. Re5 Rc5 66. Re6+ Kb5 67. f6 a5 68. f7 Rf5 69. Re7 a4 70.
Kg2 a3 71. Ra7 Kb4 72. Kg3 Kb3 73. Kg4 Rf1 74. Kg5 a2 75. Kg6 Kb2 76. Kg7 a1=Q 77. Rxa1 Kxa1 78. f8=Q Rxf8 79. Kxf8 1/2-1/2

[Event "*** SCC Grand Prix: Titled Tuesday Blitz"]
[Site "Chess.com"]
[Date "2020.06.09"]
[Round "2"]
[White "kirillshevchenko"]
[Black "IwkooO"]
[Result "1/2-1/2"]
[WhiteElo "2924"]
[BlackElo "2602"]
[TimeControl "180+1"]
[EndTime "9:20:12 PDT"]
[Termination "Game drawn by repetition"]

1. e4 c5 2. Nf3 e6 3. d4 cxd4 4. Nxd4 Nc6 5. Nc3 a6 6. Nxc6 bxc6 7. Bd3 d5 8. O-O Nf6 9. Qf3 Be7 10. e5 Nd7 11. Qg3 Kf8 12. Na4 Qc7 13. f4 c5 14.
c4 d4 15. Bd2 g6 16. f5 exf5 17. Bh6+ Ke8 18. e6 Qxg3 19. exf7+ Kxf7 20. hxg3 Nf6 21. Rae1 Be6 22. Re2 Rhe8 23. Rfe1 Bd6 24. Bf4 Bxf4 25. gxf4 Rac8 26. g3 Bd7 27. Nb6 Rxe2 28. Rxe2 Rc6 29. Nd5 Nxd5 30. cxd5 Rd6 31. Bc4 Bb5 32. b3 Bxc4 33.
bxc4 Rb6 34. a3 a5 35. Kf2 a4 36. Re5 h6 37. d6 Rxd6 38. Rxc5 d3 39. Ke1 d2+ 40. Kd1 Rd3 41. Rc7+ Ke6 42. Rc6+ Kf7 43. Rc7+ Ke8 44. Ra7 Rxa3 45. Kxd2 Rxg3 46. Rxa4 h5 47. Ra7 h4 48. Ke2 Rg4 49. Kf3 Rg3+ 50. Kf2 Rc3 51. Rh7 Rxc4 52. Rxh4 g5 53. Rh8+ Kf7 54. fxg5 Kg7 55. Rd8 Kg6 56. Kf3 Kxg5 57. Rg8+ Kf6 58. Rf8+ Ke6 59. Re8+ Kf7 60. Ra8 Rb4 61. Rc8 Ra4 62. Rb8 Rc4 63. Ra8 Rb4 64.
Rc8 Rd4 65. Ra8 Ke6 66. Ra6+ Ke5 67. Ra5+ Kf6 68. Ra8 Kg5 69. Rg8+ Kf6 70. Rf8+ Ke5 71. Ra8 Rd3+ 72. Ke2 Rb3 73. Ra4 Kf6 74. Kf2 Kg5 75. Rc4 Ra3 76. Rb4 Rc3 77. Rd4 f4 78.
Rd8 Rc2+ 79. Kf3 Rc3+ 80. Kf2 Rc2+ 81. Kf3 Rc3+ 82. Kf2 1/2-1/2

[Event "*** SCC Grand Prix: Titled Tuesday Blitz"]
[Site "Chess.com"]
[Date "2020.06.09"]
[Round "2"]
[White "Natalya_Buksa"]
[Black "Funo09"]
[Result "1/2-1/2"]
[WhiteElo "2566"]
[BlackElo "2809"]
[TimeControl "180+1"]
[EndTime "9:20:19 PDT"]
[Termination "Game drawn - insufficient material"]

1. d4 Nf6 2. Nc3 d5 3. Bf4 g6 4. e3 Bg7 5. h4 c5 6. Nf3 Nc6 7. Ne5 Qb6 8. Na4 Qa5+ 9. c3 cxd4 10. exd4 Bd7 11. Nc5 Nh5 12. Ncxd7 Nxf4 13. Qf3 Nxe5 14.
Nxe5 Bxe5 15. dxe5 Ne6 16. O-O-O Qxa2 17. Bb5+ Kf8 18.
Qxd5 Qxd5 19. Rxd5 b6 20. Rhd1 Nc7 21. Rd8+ Rxd8 22.
Rxd8+ Kg7 23. Rxh8 Kxh8 24. Bc4 Kg7 25. Kd2 f6 26. f4 fxe5 27. fxe5 h6 28. Ke3 g5 29. hxg5 hxg5 30. g3 Kg6 31. Bd3+ Kf7 32. Bc4+ Kg6 33. Bd3+ Kf7 34. Bf5 e6 35. Be4 Na6 36. Kf3 Nc5 37.
Bc2 Kg7 38. Ke3 Nd7 39. Kd4 Kh6 40. Bd3 Kh5 41. Be2+ Kg6 42. Bd3+ Kf7 43. b4 Ke7 44. Bb5 Nb8 45. Ke4 a6 46. Ba4 a5 47. bxa5 bxa5 48.
Bb5 Kd8 49. Kf3 Nd7 50. Ke4 a4 51. Kd4 a3 52. Bc4 Ke7 53. Ba2 Kf7 54. Bb1 Nb6 55.
Ba2 Nd5 56. Kc4 Kg6 57. Kb3 Kf5 58. c4 Ne3 59. Kxa3 Kxe5 60. Kb4 Nc2+ 61. Kb5 Nd4+ 62. Kb6 Ke4 63. c5 e5 64. c6 Nf5 65. c7 Ne7 66.
Kc5 Kf3 67. Kd6 Nc8+ 68. Kxe5 Kxg3 69. Be6 Na7 70. Kd6 g4 71. Kc5 Kf4 72. Kb6 g3 73.
Bh3 Nc8+ 74. Bxc8 g2 75. Ka7 g1=Q+ 76. Kb8 Qb6+ 77. Bb7 Ke5 78. c8=Q Qd6+ 79. Ka8 Qa3+ 80. Ba6 Qd6 81. Qb8 Qxb8+ 82. Kxb8 1/2-1/2